 Dungeon Crawl Stone Soup version 0.21-a0-529-g8c7b3f5 (webtiles) character file.

5999 Ghella the Basher (level 10, 0/96 HPs)
             Began as a Troll Berserker on Dec 9, 2017.
             Was an Elder of Trog.
             Slain by a killer bee (7 damage)
             ... on level 8 of the Dungeon.
             The game lasted 00:17:28 (9031 turns).

Ghella the Basher (Troll Berserker)                 Turns: 9031, Time: 00:17:30

Health: 0/96       AC:  7    Str: 30    XL:     10   Next: 55%
Magic:  9/9        EV: 11    Int:  1    God:    Trog [****..]
Gold:   703        SH:  0    Dex:  9    Spells: 9/9 levels left

rFire    . . .     SeeInvis .   s - +0 giant spiked club
rCold    + . .     Gourm    +   (shield currently unavailable)
rNeg     . . .     Faith    .   e - +2 robe {rC+}
rPois    .         Spirit   .   (helmet restricted)
rElec    .         Reflect  .   (no cloak)
rCorr    .         Harm     .   (gloves unavailable)
MR       ++...                  (boots unavailable)
Stlth    ..........             r - amulet of rage
HPRegen  1.66/turn              p - ring of loudness (curse)
MPRegen  0.11/turn              l - -3 ring of evasion (curse)

@: lethally poisoned (0 -> 0), regenerating
A: large, unfitting armour, claws 3, repulsion field 1, dopey 1, fast metabolism
3, gourmand, regeneration 1, shaggy fur 1, tough skin 2, evolution 1, subdued
magic 1
a: Berserk, Trog's Hand, Brothers in Arms, Burn Spellbooks, Renounce Religion,
Evoke Berserk Rage


You were on level 8 of the Dungeon.
You worshipped Trog.
Trog was greatly pleased with you.
You were hungry.

You visited 1 branch of the dungeon, and saw 9 of its levels.
You also visited: Bailey.

You collected 885 gold pieces.
You spent 182 gold pieces at shops.

Inventory:

Hand Weapons
 a - a +0 mace
 s - a +0 giant spiked club (weapon)
Armour
 e - a +2 robe of cold resistance (worn)
Jewellery
 l - a cursed -3 ring of evasion (right claw)
 p - a cursed ring of loudness (left claw)
 r - an amulet of rage (around neck)
Wands
 b - a wand of random effects (44)
 f - a wand of iceblast (3)
 m - a wand of clouds (6)
Scrolls
 d - 5 scrolls of identify
 n - 2 scrolls of teleportation
Potions
 c - a potion of heal wounds {unknown}
 k - 2 potions of flight
 q - a potion of magic
 t - a potion of cancellation
Books
 g - a book of Air

   Spells                             Type                      Level
   a - Shock                          Conjuration/Air              1
   b - Swiftness                      Charms/Air                   2
   c - Static Discharge               Conjuration/Air              3
   d - Airstrike                      Air                          4
   e - Lightning Bolt                 Conjuration/Air              5
   Trog disapproves of the use of such an item.
Comestibles
 i - 6 royal jellies
 o - 2 meat rations


   Skills:
 + Level 5.4 Fighting
 * Level 12.2 Maces & Flails
 + Level 5.9 Dodging
 + Level 1.0 Stealth


You had 9 spell levels left.
You didn't know any spells.

Dungeon Overview and Level Annotations

Branches:
Dungeon (9/15)             Temple (0/1) D:4
   Lair: D:8-11         Orc: D:9-12

Altars:
Ru
Zin

Shops:
D:4 (   D:8 %%

Annotations:
D:8 Ghella's ghost, novice TrBe; Joseph


Innate Abilities, Weirdness & Mutations

You are too large for most types of armour.
You have claws for hands.
Your metabolism is lightning-fast.
You like to eat raw meat.
Your natural rate of healing is unusually fast.
You are covered in fur. (AC +1)
You have very tough skin. (AC +2)
You are surrounded by a mild repulsion field. (EV +2)
You are dopey. (Int -2)
You evolve.
Your spells are a little easier to cast, but a little less powerful.


Message History

The killer bee stings you.
* * * LOW HITPOINT WARNING * * *
You are lethally poisoned!
The killer bee poisons you!
You feel better. The killer bee barely misses you.
The killer bee stings you but does no damage.
The killer bee stings you!
* * * LOW HITPOINT WARNING * * *
The killer bee closely misses you. x2; The killer bee stings you!
* * * LOW HITPOINT WARNING * * *
You are poisoned.
The killer bee poisons you!
As you read the scroll of fog, it crumbles to dust.
The scroll dissolves into smoke.
You feel sick. The killer bee barely misses you.
The killer bee closely misses you. The killer bee stings you.
* * * LOW HITPOINT WARNING * * *
The killer bee stings you but does no damage.
The killer bee stings you!
You die...

###
..####.#
#§§...
.#.#####y.#
.....§§@y.#
.#.#####y##
#.# ..# ##
### ..
##.## <...#
....#


You could see 3 killer bees.

Vanquished Creatures
  A two-headed ogre (D:6)
  Pikel (D:8)
  An orc knight (Bailey)
  The ghost of Ghella the Chucker, an amateur TrHu (D:4)
  A hippogriff (D:8)
  Sigmund (D:2)
  A steam dragon (D:8)
  A hungry ghost (D:8)
  7 orc warriors
  2 ice beasts
  A phantom (D:6)
  2 sky beasts
  A black bear (D:7)
  4 ogres
  A crocodile (D:7)
  2 centaurs
  4 bullfrogs
  A water moccasin zombie (D:7)
  3 scorpions
  7 wights
  3 crimson imps
  2 jellies
  2 hounds (D:6)
  A centaur zombie (D:7)
  5 orc priests
  2 centaur skeletons
  2 orc wizards (D:6)
  2 gnoll shamans
  Terence (D:2)
  An iguana (D:4)
  Natasha (thrice) (D:2)
  5 worker ants
  21 gnolls
  3 worker ant zombies
  9 adders
  2 shadow imps (D:8)
  An ooze (D:3)
  2 worms
  A dart slug (D:2)
  A leopard gecko (D:7)
  16 orcs
  9 bats
  6 giant cockroaches
  20 goblins
  9 hobgoblins
  11 jackals
  9 kobolds
  5 quokkas
  3 ball pythons
  3 frilled lizards
  2 leopard gecko skeletons (D:4)
  10 rats
215 creatures vanquished.

Vanquished Creatures (others)
  A slave (D:8)
  An adder (D:8)
2 creatures vanquished.

Grand Total: 217 creatures vanquished

Notes
Turn   | Place    | Note
-------+----------+-------------------------------------------
     0 | D:1      | Ghella the Troll Berserker began the quest for the Orb.
     0 | D:1      | Reached XP level 1. HP: 22/22 MP: 0/0
    76 | D:1      | Reached skill level 3 in Maces & Flails
    76 | D:1      | Reached XP level 2. HP: 28/29 MP: 1/1
   454 | D:2      | Noticed Natasha
   456 | D:2      | Reached XP level 3. HP: 5/36 MP: 2/2
   520 | D:2      | Noticed Sigmund
   559 | D:2      | Noticed Terence
   565 | D:2      | Killed Terence
   573 | D:2      | Reached ** piety under Trog
   583 | D:2      | Reached XP level 4. HP: 37/44 MP: 3/3
   593 | D:2      | Found a sacrificial altar of Ru.
   641 | D:2      | Killed Natasha
   641 | D:2      | Reached skill level 4 in Maces & Flails
   956 | D:2      | Killed Sigmund
   956 | D:2      | Reached skill level 5 in Maces & Flails
   956 | D:2      | Reached XP level 5. HP: 52/52 MP: 4/4
   956 | D:2      | Reached XP level 6. HP: 59/59 MP: 5/5
  1099 | D:2      | Noticed Natasha
  1111 | D:2      | Killed Natasha
  1121 | D:2      | Noticed Natasha
  1129 | D:2      | Killed Natasha
  1764 | D:3      | Reached skill level 6 in Maces & Flails
  2327 | D:4      | Reached XP level 7. HP: 67/67 MP: 6/6
  2346 | D:4      | Noticed Ghella's ghost (amateur TrHu)
  2393 | D:4      | Killed Ghella's ghost
  2432 | D:4      | Found a staircase to the Ecumenical Temple.
  2484 | D:4      | Reached *** piety under Trog
  2490 | D:4      | Reached skill level 7 in Maces & Flails
  3095 | D:4      | Found Ciots's Antique Weapon Emporium.
  3920 | D:5      | Entered Level 5 of the Dungeon
  4330 | D:5      | Reached XP level 8. HP: 69/75 MP: 7/7
  5120 | D:6      | Reached skill level 8 in Maces & Flails
  5486 | D:6      | Noticed a two-headed ogre
  5497 | D:6      | Killed a two-headed ogre
  5497 | D:6      | Reached skill level 9 in Maces & Flails
  5497 | D:6      | Reached XP level 9. HP: 72/84 MP: 8/8
  5693 | D:6      | Reached **** piety under Trog
  5766 | D:6      | Reached skill level 10 in Maces & Flails
  6052 | D:6      | Found a glowing silver altar of Zin.
  6179 | D:7      | Reached skill level 5 in Dodging
  6527 | D:7      | Gained mutation: Your spells are a little easier to cast, but a little less powerful. [mutagenic meat]
  6529 | D:7      | Gained mutation: You evolve. [mutagenic meat]
  6530 | D:7      | Gained mutation: You are dopey. (Int -2) [mutagenic meat]
  7089 | D:7      | Reached skill level 11 in Maces & Flails
  7408 | D:7      | Reached skill level 5 in Fighting
  7575 | D:8      | Reached XP level 10. HP: 78/96 MP: 9/9
  7704 | D:8      | Found Otipn's Food Boutique.
  7709 | D:8      | Bought a royal jelly for 26 gold pieces
  7709 | D:8      | Bought a bread ration for 65 gold pieces
  7709 | D:8      | Bought a bread ration for 65 gold pieces
  7709 | D:8      | Bought a royal jelly for 26 gold pieces
  8150 | D:8      | Noticed Pikel
  8329 | D:8      | Killed Pikel
  8362 | D:8      | Found Opuapan's Food Shop.
  8367 | D:8      | Noticed Ghella's ghost (novice TrBe)
  8559 | D:8      | Noticed Joseph
  8651 | D:9      | Found a flagged portal.
  8659 | D:9      | Reached skill level 1 in Stealth
  8684 | Bailey   | Entered a bailey
  8720 | Bailey   | Noticed an orc knight
  8724 | Bailey   | Killed an orc knight
  8724 | Bailey   | Reached skill level 12 in Maces & Flails
  8772 | Bailey   | Gained mutation: You are surrounded by a mild repulsion field. (EV +2) [evolution]
  9031 | D:8      | Slain by a killer bee

Vault maps used:
D:1:      lemuel_arrival_room, serial_bayou_pond_c
D:2:      nicolae_ru_awakened_eye, uniq_natasha, uniq_sigmund, uniq_terence
D:4:      minmay_temple_entry_statues_fountains, serial_shops, shop
D:5:      first_bread
D:6:      zin_treasury, kennysheep_generic_room_13
D:8:      serial_shops, shop, nicolae_shop_behind_doors, shop_statue,
          uniq_pikel, uniq_joseph
D:9:      kennysheep_mini, enter_bailey_3, serial_shops, shop_fountains,
          hangedman_fish_farm, dk_vineyard_1
Bailey:   bailey_axe_1, bailey

Skill      XL: |  1  2  3  4  5  6  7  8  9 10 |
---------------+-------------------------------+-----
Maces & Flails | 3 5 6 7 9 11 12 | 12.2
Dodging        | 3 4 5 |  5.9
Fighting       | 3 4 5 |  5.4
Stealth        | 1 |  1.0

Action                   |  1- 3 |  4- 6 |  7- 9 | 10-12 || total
-------------------------+-------+-------+-------+-------++-------
Melee: Mace              |    89 |   170 |    26 |       ||   285
       Giant spiked club |       |       |   317 |   179 ||   496
       Giant club        |       |       |   132 |       ||   132
Invok: Berserk           |     3 |     5 |     4 |     5 ||    17
       Trog's Hand       |       |       |     1 |     5 ||     6
  Use: Potion            |       |     2 |     1 |     5 ||     8
       Scroll            |       |     1 |     7 |     3 ||    11
 Stab: Sleeping          |     1 |       |       |       ||     1
  Eat: Chunk             |     6 |    15 |    57 |     4 ||    82
       Bread ration      |       |     1 |     1 |     3 ||     5
       Meat ration       |       |       |     1 |       ||     1
       Fruit             |       |       |     1 |       ||     1
Armor: Animal skin       |    64 |    20 |       |       ||    84
       Robe              |       |    67 |   253 |    96 ||   416
       Skin              |       |       |       |    70 ||    70
Dodge: Dodged            |   107 |   125 |   366 |   233 ||   831

Table legend:
 A = Spawn XP
 B = Non-spawn XP
 C = Spawn XP percentage of total XP
 D = Spawn monster count
 E = Non-spawn monster count
 F = Spawn count percentage of total count
 G = Total turns spent on level
                    A         B        C        D         E        F      G
               +---------+---------+-------+---------+---------+-------+---------
         Total |       0 |    8571 |   0.0 |       0 |     216 |   0.0 |  9031
               +---------+---------+-------+---------+---------+-------+---------
           D:1 |       0 |      31 |   0.0 |       0 |      19 |   0.0 |   581
           D:2 |       0 |     460 |   0.0 |       0 |      29 |   0.0 |   641
           D:3 |       0 |     201 |   0.0 |       0 |      25 |   0.0 |  1190
           D:4 |       0 |     625 |   0.0 |       0 |      14 |   0.0 |  1508
           D:5 |       0 |     437 |   0.0 |       0 |      15 |   0.0 |  1187
           D:6 |       0 |    2012 |   0.0 |       0 |      28 |   0.0 |  1243
           D:7 |       0 |    1772 |   0.0 |       0 |      34 |   0.0 |  1695
           D:8 |       0 |    1937 |   0.0 |       0 |      27 |   0.0 |   530
           D:9 |       0 |     150 |   0.0 |       0 |       7 |   0.0 |   170
        Bailey |       0 |     946 |   0.0 |       0 |      18 |   0.0 |   286
               +---------+---------+-------+---------+---------+-------+---------
